 Dungeon Crawl Stone Soup version 0.28.0-53-g5a82cb258f (webtiles) character file.

Game seed: 12692035397382309089

165 Sin92 the Skirmisher (level 5, -6/42 HPs)
             Began as a Demonspawn Fighter on Aug 6, 2022.
             Was an Initiate of Okawaru.
             Killed by divine providence
             ... invoked by an orc priest
              (9 damage)
             ... on level 3 of the Dungeon.
             The game lasted 00:05:43 (3082 turns).

Sin92 the Skirmisher (Demonspawn Fighter)           Turns: 3082, Time: 00:05:43

Health: -6/42      AC: 10    Str: 17 (18) XL:     5   Next: 22%
Magic:  5/5        EV:  9    Int:  9 (10) God:    Okawaru [......]
Gold:   104        SH:  4    Dex:  9 (12) Spells: 4/4 levels left

rFire   . . .      SeeInvis .   a - +1 war axe (elec)
rCold   . . .      Faith    .   c - +0 buckler
rNeg    . . .      Spirit   .   e - +2 scale mail {Will+}
rPois   .          Reflect  .   (helmet restricted)
rElec   .          Harm     .   (no cloak)
rCorr   .          Rampage  .   h - +0 pair of gloves
Will    +....                   (no boots)
Stlth   ..........              (no amulet)
HPRegen 0.14/turn               (no ring)
MPRegen 0.09/turn               (no ring)

@: no status effects
A: antennae 1, spiny 1
a: Renounce Religion


You were on level 3 of the Dungeon.
You worshipped Okawaru.
Okawaru was noncommittal.
You visited 1 branch of the dungeon, and saw 3 of its levels.

You collected 104 gold pieces.

Inventory:

Hand Weapons
 a - a +1 war axe of electrocution (weapon)
Armour
 b - a +0 scale mail
 c - a +0 buckler (worn)
 e - a +2 scale mail of willpower (worn)
 h - a +0 pair of gloves (worn)
Scrolls
 i - 2 scrolls of identify
 j - a scroll of summoning
Potions
 d - a potion of might


   Skills:
 + Level 3.8 Fighting
 * Level 3.4 Axes
 + Level 3.4 Armour
 + Level 3.3 Shields


You had 4 spell levels left.
You didn't know any spells.
Your spell library was empty.

Dungeon Overview and Level Annotations

Branches:
Dungeon (3/15)

Altars:
Ashenzari
Okawaru

Annotations:
D:3 1 runed translucent door, Crazy Yiuf


Innate Abilities, Weirdness & Mutations

You have a pair of small antennae on your head.
You are partially covered in sharp spines.


Message History

The orc wizard is moderately wounded.
You closely miss the orc. You block the orc's attack.
The orc wizard is struck by your spines.
The orc wizard barely misses you. The orc misses you.
The orc wizard gestures at you while chanting.
You resist with almost no effort. The orc wizard casts a spell at you.
The magic dart hits you!
The orc priest invokes the aid of Beogh against you.
Beogh smites you!
The orc wizard mumbles some strange words.
The orc wizard flickers and vanishes!
Deactivating autopickup; reactivate with Ctrl-A.
The orc priest calls down the wrath of Beogh upon you.
Pain shoots through your body!
* * * LOW HITPOINT WARNING * * *
Unknown command.
It was a potion of degeneration.
There was something very wrong with that liquid.
You feel weakened.
You feel dopey.
You feel clumsy. The orc hits you with a +0 club.
* * * LOW HITPOINT WARNING * * *
The orc priest looks braver for a moment.
As you read the scroll labelled BUETAA GIOZETU, it crumbles to dust.
It is a scroll of identify.
j - a scroll of summoning The orc is struck by your spines.
The orc hits you but does no damage.
As you read the scroll labelled ANEB JEILEHOAG, it crumbles to dust.
It is a scroll of brand weapon.
Your +1 war axe crackles with electricity.
a - a +1 war axe of electrocution (weapon)
The orc is struck by your spines.
You kill the orc!
Okawaru accepts your kill.
The orc priest begins to cast a cantrip, but forgets the words!
You hit something. Something hits you.
* * * LOW HITPOINT WARNING * * *
The orc priest invokes the aid of Beogh against you.
Beogh smites you!
You die...

###..#..# ###########
...... ..
.................>.
.....> .
##..............#.##
......
...................
...... ..
#.......#.......
...... #.
#.......#...#.##
###... #.
#.......#....... ...#
#.##o......#.......
..#
#.@{o..........#...
..#
#.####.........##.#
###...#.#
..........###...##..
.........
###..#.#...###.......
####.##.#
...............###..
####..
#..###...###..###..
.....# #..
#........##...
####.######. #.
.........#....
#........... #
...............


You could see an orc priest and an orc.

Vanquished Creatures
  Terence (D:3)
  2 gnolls (D:3)
  4 adders
  2 worms
  A dart slug (D:1)
  8 orcs (D:3)
  5 ball pythons
  4 bats
  4 endoplasms
  5 goblins
  8 hobgoblins
  5 jackals
  3 quokkas
  A frilled lizard (D:3)
  5 kobolds
  4 rats
62 creatures vanquished.

Notes
Turn   | Place    | Note
-------+----------+-------------------------------------------
     0 | D:1      | Sin92 the Demonspawn Fighter began the quest for the Orb.
     0 | D:1      | Reached XP level 1. HP: 18/18 MP: 1/1
   141 | D:1      | Gained mutation: You are partially covered in sharp spines.
                  | [demonic ancestry]
   141 | D:1      | Reached XP level 2. HP: 24/24 MP: 2/2
  1405 | D:2      | Reached XP level 3. HP: 26/29 MP: 3/3
  2269 | D:3      | Found a faded altar of an unknown god.
  2277 | D:3      | Reached XP level 4. HP: 35/35 MP: 4/4
  2330 | D:3      | Noticed Terence
  2337 | D:3      | Killed Terence
  2465 | D:3      | Found a broken altar of Ashenzari.
  2722 | D:3      | Found an iron altar of Okawaru.
  2726 | D:3      | Gained mutation: You have a pair of small antennae on your
                  | head. [demonic ancestry]
  2726 | D:3      | Reached XP level 5. HP: 38/42 MP: 5/5
  2738 | D:3      | Became a worshipper of Warmaster Okawaru
  2892 | D:3      | Found a runed translucent door.
  2893 | D:3      | Noticed Crazy Yiuf
  3082 | D:3      | Killed from afar by an orc priest

Illustrated notes

Levels and vault maps discovered:
D:1:      dpeg_arrival_arbitrary_c, layout_rooms, serial_co_window_serial,
          co_window_corner_a, co_window_corner_a, co_window_of_opportunity_a,
          co_window_corner_a, co_window_paths_a, co_window_broadway_b,
          co_window_2corner, co_window_broadway_a, co_window_paths_c,
          co_window_4corner_a, co_window_4corner_b, glass_columns_c,
          glass_columns_b
D:2:      cheibrodos_helix_gallery, layout_basic,
          corexii_item_surrounded_by_moat, minmay_misc_feat_hallway
D:3:      layout_basic, okawaru_altar_gauntlet_db,
          mainiacjoe_overflow_concentric_impassable,
          chequers_ecumenical_altar_island, uniq_crazy_yiuf_cottage,
          uniq_terence

Skill      XL: |  1  2  3  4 |
---------------+-------------+-----
Axes           | 2 3 |  3.4
Armour         | 3 |  3.4
Shields        | 3 |  3.3
Fighting       | |  3.8

Action                   |  1- 3 |  4- 6 || total
-------------------------+-------+-------++-------
Melee: War axe           |    68 |    39 ||   107
  Use: Scroll            |     1 |     3 ||     4
       Potion            |     2 |     1 ||     3
Armor: Scale mail        |    45 |    21 ||    66
Dodge: Dodged            |    44 |    27 ||    71
Block: Buckler           |    18 |    15 ||    33
